 Dungeon Crawl Stone Soup version 0.22.1-2-g9c5b331 (webtiles) character file.

25769 Lilu the Destroyer (level 12, -5/75 HPs)
             Began as a Deep Elf Conjurer on Nov 13, 2018.
             Was a High Priest of Vehumet.
             Slain by a death yak (29 damage)
             ... on level 5 of the Lair of Beasts.
             The game lasted 01:56:42 (22861 turns).

Lilu the Destroyer (Deep Elf Conjurer)             Turns: 22861, Time: 01:56:43

Health: -5/75      AC:  4    Str:  5    XL:     12   Next: 92%
Magic:  20/26      EV: 26    Int: 26    God:    Vehumet [*****.]
Gold:   1444       SH:  9    Dex: 15    Spells: 11/27 levels left

rFire    . . .     SeeInvis .   D - +10 zealot's sword {holy, *Rage rN+ EV+3}
rCold    . . .     Gourm    .   w - +0 shield
rNeg     + . .     Faith    .   O - +1 robe of the Other World {+Fly rPois rCorr Stlth+}
rPois    +         Spirit   .   (no helmet)
rElec    .         Reflect  .   X - scarf {repulsion}
rCorr    +         Harm     .   F - +0 pair of gloves
MR       ++...     Rnd*Rage +   (no boots)
Stlth    +++.......             T - amulet of regeneration
HPRegen  0.62/turn              k - ring of protection from magic
MPRegen  0.20/turn              L - +5 ring of evasion

@: berserk cooldown, slowed, repel missiles, very slow
A: no striking features
a: Renounce Religion, Evoke Flight


You were on level 5 of the Lair of Beasts.
You worshipped Vehumet.
Vehumet was extremely pleased with you.
You were not hungry.

You visited 2 branches of the dungeon, and saw 16 of its levels.
You also visited: Bailey.

You collected 1444 gold pieces.

Inventory:

Hand Weapons
 n - a +0 shortbow of freezing
 D - the +10 zealot's sword (weapon) {holy, *Rage rN+ EV+3}
   (You found it on level 4 of the Dungeon)

   It has been blessed by the Shining One to cause great damage to the undead
   and demons.
   It affects your evasion (+3).
   It protects you from negative energy.
   It may make you go berserk in combat.
 U - a +1 spear
Missiles
 H - 172 arrows
 K - 44 tomahawks of returning (quivered)
Armour
 i - a +1 robe of fire resistance
 w - a +0 shield (worn)
 F - a +0 pair of gloves (worn)
 O - the +1 robe of the Other World (worn) {+Fly rPois rCorr Stlth+}
   (You took it off an orc in a bailey)

   It protects you from poison.
   It lets you fly.
   It provides partial protection from all sources of acid and corrosion.
   It makes you more stealthy.
 X - a scarf of repulsion (worn)
Magical Staves
 W - an uncursed staff of air
Jewellery
 k - a ring of protection from magic (left hand)
 C - an uncursed ring of protection from cold
 E - an uncursed ring of fire
 G - an uncursed ring of protection from cold
 L - a +5 ring of evasion (right hand)
 M - an uncursed ring of poison resistance
 T - an amulet of regeneration (around neck)
Wands
 y - a wand of acid (13)
 B - a wand of iceblast (14)
 J - a wand of paralysis (12)
 N - a wand of disintegration (9)
 P - a wand of polymorph (19)
Scrolls
 a - a scroll of holy word {unknown}
 b - 2 scrolls of blinking
 d - 3 scrolls of enchant weapon
 g - 6 scrolls of immolation
 o - 8 scrolls of teleportation
 p - 4 scrolls of fog
 u - 13 scrolls of remove curse
 v - 2 scrolls of fear
 A - 3 scrolls of identify
 Q - 2 scrolls of vulnerability
 S - 2 scrolls of amnesia
 V - a scroll of enchant armour {unknown}
 Z - a scroll of random uselessness {unknown}
Potions
 e - 4 potions of lignification
 h - a potion of cancellation {unknown}
 j - a potion of ambrosia {unknown}
 l - a potion of berserk rage {unknown}
 m - 2 potions of haste
 q - 9 potions of curing
 r - 2 potions of magic
 s - 7 potions of flight
 t - 3 potions of heal wounds
 x - a potion of resistance {unknown}
 z - a potion of might {unknown}
 I - 2 potions of brilliance
 R - 2 potions of mutation
Miscellaneous
 f - a phantom mirror
Comestibles
 c - 15 rations
 Y - 6 chunks of flesh


   Skills:
 - Level 8.3 Fighting
 - Level 10.2 Dodging
 - Level 2.4 Stealth
 * Level 7.7 Shields
 - Level 8.0 Spellcasting
 + Level 11.7 Conjurations
 - Level 4.0 Charms
 - Level 6.0 Translocations
 - Level 6.0 Fire Magic
 - Level 2.0 Air Magic
 - Level 4.0 Poison Magic
 - Level 4.0 Evocations


You had 11 spell levels left.
You knew the following spells:

 Your Spells              Type           Power        Failure   Level  Hunger
a - Magic Dart            Conj           ####         1%          1    None
b - Searing Ray           Conj           ######       1%          2    None
c - Conjure Flame         Conj/Fire      ######..     1%          3    None
d - Blink                 Tloc           N/A          1%          2    None
e - Mephitic Cloud        Conj/Pois/Air  #####...     1%          3    None
f - Iskenderun's Battles  Conj/Chrm      ######..     4%          5    ####...

Your spell library contained the following spells:

 Spells                   Type           Power        Failure   Level  Hunger
 Throw Frost              Conj/Ice       #####.       1%          2    None
 Dazzling Spray           Conj/Hex       #####.       1%          3    None
 Force Lance              Conj/Tloc      ######..     1%          4    ##.....
 Iskenderun's Mystic Bla  Conj           ######..     1%          4    ##.....
 Fulminant Prism          Conj/Hex       #####.....   3%          4    ##.....
 Throw Icicle             Conj/Ice       #####...     3%          4    ##.....
 Freeze                   Ice            ##..         4%          1    None
 Beastly Appendage        Tmut           ##....       14%         1    None
 Corona                   Hex            ##.....      14%         1    None
 Ozocubu's Armour         Chrm/Ice       ###.....     19%         3    None
 Spider Form              Tmut/Pois      ###.......   19%         3    None
 Call Imp                 Summ           ##......     22%         2    None
 Ensorcelled Hibernation  Hex/Ice        ##....       22%         2    None
 Slow                     Hex            ##......     22%         2    None
 Sticks to Snakes         Tmut           ##......     22%         2    None
 Confuse                  Hex            ##......     38%         3    None
 Tukima's Dance           Hex            ##......     38%         3    None
 Ice Form                 Ice/Tmut       ##......     80%         4    ##.....
 Summon Ice Beast         Ice/Summ       ##......     80%         4    ##.....
 Blade Hands              Tmut           ##........   98%         5    ####...


Dungeon Overview and Level Annotations

Branches:
Dungeon (11/15)            Temple (0/1) D:6            Lair (5/6) D:8
 Shoals (0/4) Lair:3       Spider (0/4) Lair:2          Orc (0/2) D:9
  Slime: Lair:5-6

Altars:
Ashenzari
Cheibriados
Dithmenos
Kikubaaqudgha
Okawaru
Qazlal
Ru
Trog
Vehumet
Wu Jian
Xom
Zin
The Shining One
Beogh

Shops:
D:6 *   D:8 *

Annotations:
Lair:4 Rupert


Message History

The wolf is killed!
Vehumet accepts your kill.
You feel your power returning.
The death yak is engulfed in noxious fumes.
The death yak gores you!!
* * * LOW HITPOINT WARNING * * *
The death yak gores the komodo dragon but does no damage.
The death yak is engulfed in noxious fumes.
The death yak gores the death yak!
The wolf is engulfed in noxious fumes.
The wolf appears confused.
The death yak gores the komodo dragon!!
You block the death yak's attack.
The death yak seems less confused.
The wolf is engulfed in noxious fumes.
The komodo dragon bites the wolf!!
The wolf is killed!
Vehumet accepts your kill.
You feel your power returning.
The death yak seems less confused.
The death yak is engulfed in noxious fumes.
You block the death yak's attack. The death yak gores you!!
You die...

###.....##...#####.# ##..#..
#.......#.##.#...##.......
##......<....##...........
##....Y§.......(.#.......
####.l.§.†.........#....
#.##..Y§........#.#...
##...........P...... Y
########.P##Y.YYY.........
##..##P#...##..#@.........%.
#........#.....P.........#Y.
........#.................
...#....###.............
........................
..#.....##P....(.....PP#
........##.......P#...P#
...##.#.###.............
.#.#...###...P..#...?.


You could see 6 death yaks and a komodo dragon (confused).

Vanquished Creatures
  Fannar (Lair:2)
  5 hydras
  2 death yaks (Lair:4)
  Sonja (Lair:2)
  Nergalle (Lair:1)
  An orb spider (Lair:2)
  3 black mambas
  5 spiny frogs
  4 komodo dragons
  A rime drake (Lair:1)
  A troll (D:9)
  A hornet (D:10)
  12 blink frogs
  A snapping turtle (Lair:3)
  6 hippogriffs
  A spriggan (D:9)
  17 yaks
  2 basilisks
  7 water moccasins
  10 porcupines
  15 orc warriors
  A sky beast (D:10)
  A black bear (D:10)
  A hornet zombie (D:6)
  2 phantoms
  An ice beast (D:7)
  9 wolves
  A necrophage (D:9)
  3 ogres
  The ghost of Razmath the Slasher, an amateur DsGl (D:3)
  5 centaurs
  6 crocodiles
  2 big kobolds
  7 bullfrogs
  A water moccasin skeleton (D:6)
  8 killer bees
  5 scorpions
  12 wights
  The ghost of Agosen the Ducker, a weakling DsGl (D:3)
  2 howler monkeys (D:9)
  A crimson imp (D:10)
  2 bullfrog zombies
  3 hounds
  3 jellies
  A quasit (D:10)
  A bullfrog skeleton (D:8)
  A centaur skeleton (D:5)
  A gnoll shaman (D:8)
  10 orc priests
  An iguana (D:9)
  8 orc wizards
  5 worker ants
  A hound skeleton (D:7)
  A hound zombie (D:6)
  11 gnolls
  A howler monkey skeleton (D:9)
  8 adders
  A shadow imp (D:8)
  12 white imps (Lair:3)
  An ooze (D:2)
  3 adder skeletons
  2 adder zombies
  5 worms
  2 dart slugs
  5 leopard geckos
  60 orcs
  20 bats
  6 giant cockroaches
  7 goblins
  7 hobgoblins
  5 quokkas
  2 ball pythons
  9 frilled lizards
  A jackal skeleton (D:7)
  25 kobolds
  A leopard gecko skeleton (D:4)
  A quokka skeleton (D:7)
  6 rats
  A fungus (Lair:2)
407 creatures vanquished.

Vanquished Creatures (others)
  15 fungi
  9 plants
  2 withered plants (D:3)
26 creatures vanquished.

Grand Total: 433 creatures vanquished

Notes
Turn   | Place    | Note
-------+----------+-------------------------------------------
     0 | D:1      | Lilu the Deep Elf Conjurer began the quest for the Orb.
     0 | D:1      | Reached XP level 1. HP: 10/10 MP: 6/6
   239 | D:1      | Reached XP level 2. HP: 16/16 MP: 5/8
   866 | D:1      | Learned a level 2 spell: Searing Ray
  1029 | D:2      | Reached XP level 3. HP: 12/20 MP: 6/9
  1255 | D:2      | Reached skill level 5 in Conjurations
  1336 | D:2      | Reached skill level 1 in Fighting
  1703 | D:2      | Found a faded altar of an unknown god.
  1799 | D:2      | Reached XP level 4. HP: 25/25 MP: 7/11
  3215 | D:3      | Found a runed gate.
  3219 | D:3      | Found a runed gate.
  3219 | D:3      | Noticed Agosen's ghost (weakling DsGl)
  3220 | D:3      | Found a runed gate.
  3221 | D:3      | Noticed Razmath's ghost (amateur DsGl)
  3311 | D:3      | Found an iron altar of Okawaru.
  3567 | D:3      | Reached XP level 5. HP: 29/29 MP: 7/13
  4297 | D:4      | Reached skill level 6 in Conjurations
  4489 | D:4      | Found the +10 zealot's sword {holy, *Rage rN+ EV+3}
  4513 | D:4      | Reached XP level 6. HP: 23/35 MP: 6/14
  4894 | D:4      | Found a sacrificial altar of Ru.
  5514 | D:4      | Reached skill level 5 in Spellcasting
  5722 | D:5      | Entered Level 5 of the Dungeon
  5876 | D:5      | Found a snail-covered altar of Cheibriados.
  6094 | D:5      | Found a sand-covered staircase.
  6105 | D:5      | Reached XP level 7. HP: 40/40 MP: 16/16
  6125 | D:5      | Found a shadowy altar of Dithmenos.
  6288 | D:5      | Reached skill level 7 in Conjurations
  7099 | D:3      | Killed Razmath's ghost
  7099 | D:3      | Reached skill level 5 in Dodging
  7103 | D:3      | Killed Agosen's ghost
  7293 | D:6      | Found Ityott's Assorted Antiques.
  7653 | D:6      | Reached XP level 8. HP: 42/46 MP: 19/19
  8023 | D:6      | Found a shimmering altar of Xom.
  8095 | D:6      | Reached skill level 8 in Conjurations
  8310 | D:6      | Found a bloodstained altar of Trog.
  8311 | D:6      | Found a radiant altar of Vehumet.
  8313 | D:6      | Found a shattered altar of Ashenzari.
  8314 | D:6      | Found a glowing silver altar of Zin.
  8332 | D:6      | Became a worshipper of Vehumet
  8357 | D:6      | Learned a level 3 spell: Conjure Flame
  8360 | D:6      | Learned a level 2 spell: Blink
  8528 | D:6      | Found a staircase to the Ecumenical Temple.
  8725 | D:7      | Found a shimmering altar of Xom.
  8970 | D:7      | You fall through a shaft for 2 floors!
  8991 | D:10     | Entered Level 10 of the Dungeon
  9188 | D:10     | Found a flagged portal.
  9225 | Bailey   | Entered a bailey
  9449 | Bailey   | Reached * piety under Vehumet
  9449 | Bailey   | Offered knowledge of Shock by Vehumet.
  9478 | Bailey   | Reached skill level 9 in Conjurations
 10277 | Bailey   | Got an ancient robe
 10397 | Bailey   | Got a spiked plate armour
 10417 | Bailey   | Reached skill level 10 in Conjurations
 10417 | Bailey   | Reached skill level 1 in Translocations
 10417 | Bailey   | Reached XP level 9. HP: 52/52 MP: 13/21
 10634 | Bailey   | Identified the +1 robe of the Other World {+Fly rPois rCorr
                  | Stlth+} (You took it off an orc in a bailey)
 10790 | D:10     | Identified the +1 plate armour of Vumunis {Int+3} (You took
                  | it off a kobold in a bailey)
 10935 | D:8      | Found a staircase to the Lair.
 11014 | D:8      | Found an ancient bone altar of Kikubaaqudgha.
 11044 | D:8      | Found an ornate altar of the Wu Jian Council.
 11119 | D:8      | Reached skill level 1 in Fire Magic
 11934 | D:9      | Found a staircase to the Orcish Mines.
 12198 | D:9      | Reached ** piety under Vehumet
 12211 | D:9      | Offered knowledge of Freeze by Vehumet.
 12462 | D:9      | Found a roughly hewn altar of Beogh.
 12637 | D:10     | Reached skill level 5 in Fighting
 12729 | D:9      | Found a glowing golden altar of the Shining One.
 12897 | D:9      | Reached XP level 10. HP: 51/59 MP: 17/22
 13119 | D:9      | Offered knowledge of Ignite Poison by Vehumet.
 13190 | D:9      | Reached skill level 1 in Shields
 13474 | D:7      | Reached *** piety under Vehumet
 14631 | D:7      | Reached skill level 5 in Translocations
 14658 | D:7      | Found a stormy altar of Qazlal.
 14936 | D:8      | Learned a level 3 spell: Mephitic Cloud
 14963 | D:8      | Offered knowledge of Olgreb's Toxic Radiance by Vehumet.
 15126 | D:8      | Found Komn's Assorted Antiques.
 16144 | D:9      | Reached skill level 5 in Fire Magic
 16707 | D:10     | Reached **** piety under Vehumet
 16943 | D:10     | Offered knowledge of Sticky Flame by Vehumet.
 17383 | Lair:1   | Entered Level 1 of the Lair of Beasts
 17460 | Lair:1   | Noticed Nergalle
 17484 | Lair:1   | Noticed an eight-headed hydra
 17640 | Lair:1   | Reached skill level 1 in Air Magic
 17640 | Lair:1   | Reached skill level 1 in Poison Magic
 17640 | Lair:1   | Reached skill level 1 in Evocations
 17777 | Lair:1   | Noticed a black mamba
 17781 | Lair:1   | Killed a black mamba
 17807 | Lair:1   | Reached XP level 11. HP: 64/64 MP: 12/25
 18318 | Lair:1   | Killed Nergalle
 18420 | Lair:1   | Killed an eight-headed hydra
 18917 | Lair:2   | Noticed Fannar
 19051 | Lair:2   | Killed Fannar
 19304 | Lair:2   | Noticed an orb spider
 19305 | Lair:2   | Found a hole to the Spider Nest.
 19334 | Lair:2   | Noticed a six-headed hydra
 19365 | Lair:2   | Killed a six-headed hydra
 19365 | Lair:2   | Reached skill level 5 in Shields
 19554 | Lair:2   | Noticed a seven-headed hydra
 19582 | Lair:2   | Killed a seven-headed hydra
 19582 | Lair:2   | Reached XP level 12. HP: 68/72 MP: 6/26
 19820 | Lair:2   | Noticed Sonja
 19835 | Lair:2   | Killed Sonja
 20331 | Lair:3   | Reached skill level 11 in Conjurations
 20578 | Lair:3   | Found a staircase to the Shoals.
 20810 | Lair:3   | Reached ***** piety under Vehumet
 20810 | Lair:3   | Offered knowledge of Iskenderun's Battlesphere by Vehumet.
 21147 | Lair:3   | Learned a level 5 spell: Iskenderun's Battlesphere
 21197 | Lair:3   | Reached skill level 1 in Charms
 21746 | Lair:4   | Noticed an eight-headed hydra
 21756 | Lair:4   | Killed an eight-headed hydra
 21941 | Lair:4   | Found a shattered altar of Ashenzari.
 21961 | Lair:4   | Noticed a death yak
 21974 | Lair:4   | Killed a death yak
 22008 | Lair:4   | Noticed an eight-headed hydra
 22059 | Lair:4   | Killed an eight-headed hydra
 22059 | Lair:4   | Reached skill level 10 in Dodging
 22148 | Lair:4   | Noticed a death yak
 22151 | Lair:4   | Noticed a death yak
 22163 | Lair:4   | Killed a death yak
 22446 | Lair:4   | Noticed Rupert
 22580 | Lair:5   | Noticed a death yak
 22581 | Lair:5   | Noticed a death yak
 22836 | Lair:5   | Noticed a death yak
 22849 | Lair:5   | Noticed a death yak
 22850 | Lair:5   | Noticed a death yak
 22851 | Lair:5   | Noticed a death yak
 22861 | Lair:5   | Slain by a death yak

Skill      XL: |  1  2  3  4  5  6  7  8  9 10 11 12 |
---------------+-------------------------------------+-----
Dodging        | 3 4 5 6 8 9 10 | 10.2
Conjurations   | 5 6 7 10 11 | 11.7
Fighting       | 1 2 3 5 6 7 8 |  8.3
Spellcasting   | 4 5 6 7 8 |  8.0
Translocations | 1 4 6 |  6.0
Fire Magic     | 4 6 |  6.0
Shields        | 3 5 7 |  7.7
Air Magic      | 1 2 |  2.0
Poison Magic   | 1 4 |  4.0
Evocations     | 2 4 |  4.0
Charms         | 4 |  4.0
Stealth        | |  2.4

Action                   |  1- 3 |  4- 6 |  7- 9 | 10-12 || total
-------------------------+-------+-------+-------+-------++-------
Melee: Eudemon blade     |       |     8 |   122 |   341 ||   471
       Spear             |       |       |       |    22 ||    22
       Staff             |       |       |       |     1 ||     1
 Fire: Hunting sling     |    10 |    21 |       |       ||    31
       Shortbow          |       |       |    38 |    11 ||    49
Throw: Tomahawk          |       |       |     8 |       ||     8
 Cast: Magic Dart        |    85 |    64 |    82 |    92 ||   323
       Searing Ray       |     1 |    19 |    48 |    67 ||   135
       Blink             |       |       |     6 |    15 ||    21
       Conjure Flame     |       |       |       |    49 ||    49
       Mephitic Cloud    |       |       |       |    53 ||    53
       Iskenderun's Batt |       |       |       |     9 ||     9
 Abil: Evoke Flight      |       |       |     3 |       ||     3
  Use: Scroll            |       |     2 |       |    18 ||    20
       Potion            |       |       |       |     1 ||     1
 Stab: Sleeping          |       |     1 |     4 |     3 ||     8
       Distracted        |       |       |     1 |     1 ||     2
       Confused          |       |       |       |    14 ||    14
  Eat: Chunk             |     3 |     9 |    11 |    24 ||    47
       Ration            |       |     1 |     3 |     3 ||     7
Armor: Robe              |     3 |     1 |     1 |    27 ||    32
       Ring mail         |       |     3 |     8 |       ||    11
       Leather armour    |       |       |    26 |    21 ||    47
Dodge: Dodged            |    11 |    23 |   167 |   335 ||   536
       Deflected         |       |       |       |     4 ||     4
Block: Shield            |       |     4 |       |   175 ||   179
       Rpst.: Eudemon blade |       |     3 |    27 |    71 ||   101
